 Dungeon Crawl Stone Soup version 0.30-a0-169-g06f667207d (webtiles) character file.

Game seed: 4387744218995527825

678 qw the Chopper (level 7, 0/44 HPs)
             Began as a Gargoyle Fighter on Sept 30, 2022.
             Slain by a water moccasin (4 damage)
             ... on level 5 of the Dungeon.
             The game lasted 00:01:36 (4362 turns).

qw the Chopper (Gargoyle Fighter)                   Turns: 4362, Time: 00:01:37

Health: 0/44       AC: 18    Str: 21    XL:     7   Next: 60%
Magic:  7/7        EV:  5    Int:  9    God:
Gold:   235        SH:  4    Dex:  9    Spells: 6/6 levels left

rFire   . . .      SeeInvis .    Y - +0 war axe
rCold   . . .      Faith    .    c - +0 buckler
rNeg    + . .      Spirit   .    e - +0 plate armour
rPois   inf        Reflect  .    (no helmet)
rElec   +          Harm     .    (no cloak)
rCorr   .          Rampage  .    k - +0 pair of gloves
Will    .....                    l - +0 pair of boots
Stlth   ..........               (no amulet)
HPRegen 0.14/turn                (no ring)
MPRegen 0.10/turn                (no ring)

@: about to teleport
A: sickness immunity, AC +4, negative energy resistance 1, electricity
resistance, torment resistance 1, petrification resistance
a: no special abilities


You were on level 5 of the Dungeon.
You visited 1 branch of the dungeon, and saw 5 of its levels.

You collected 235 gold pieces.


Innate Abilities, Weirdness & Mutations

You are immune to sickness and miasma.
Your stone body is resilient. (AC +4)
You are immune to poison.
You resist negative energy. (rN+)
You are resistant to electric shocks. (rElec)
You are resistant to unholy torment.
You are immune to petrification.


   Skills:
 - Level 5.5 Fighting
 - Level 6.0 Axes
 - Level 2.4 Throwing
 + Level 3.2 Armour
 - Level 3.2 Shields


You had 6 spell levels left.
You didn't know any spells.
Your spell library was empty.

Inventory:

Hand Weapons
 b - a +0 flail
 Y - a +0 war axe (weapon)
Missiles
 n - 4 silver javelins (quivered)
Armour
 c - a +0 buckler (worn)
 e - a +0 plate armour (worn)
 k - a +0 pair of gloves (worn)
 l - a +0 pair of boots (worn)
Scrolls
 a - a scroll of identify
Potions
 d - a potion of might
 f - a potion of magic {unknown}
 g - a potion of haste {unknown}
 h - a potion of curing
 j - a potion of heal wounds {unknown}
 m - a potion of mutation {unknown}

Dungeon Overview and Level Annotations

Branches:
Dungeon (5/15)
 Temple: D:4-7

Altars:
Fedhas
Kikubaaqudgha
Makhleb
Qazlal
Vehumet
Wu Jian
Xom
The Shining One

Annotations:
D:3 1 runed translucent door, Crazy Yiuf


Message History

The water moccasin is moderately wounded.
The water moccasin bites you but does no damage. x2
You closely miss the water moccasin.
The water moccasin is moderately wounded.
The water moccasin closely misses you.
The water moccasin bites you but does no damage.
You hit the water moccasin.
The water moccasin is heavily wounded.
The water moccasin bites you but does no damage.
You closely miss the water moccasin.
The water moccasin is heavily wounded.
You block the water moccasin's attack. The water moccasin bites you.
You hit the water moccasin.
The water moccasin is severely wounded.
You block the water moccasin's attack.
The water moccasin bites you but does no damage.
You closely miss the water moccasin.
The water moccasin is severely wounded.
The water moccasin bites you but does no damage.
The water moccasin bites you.
You closely miss the water moccasin.
The water moccasin is severely wounded.
The water moccasin bites you.
You barely miss the water moccasin.
The water moccasin is severely wounded.
The water moccasin bites you.
The water moccasin bites you but does no damage.
You completely miss the water moccasin.
The water moccasin is severely wounded.
The water moccasin completely misses you.
The water moccasin bites you.
4361 ||| READING scroll of teleportation.
As you read the scroll of teleportation, it crumbles to dust.
You feel strangely unstable. The water moccasin bites you!
You hit the water moccasin.
The water moccasin is severely wounded.
The water moccasin bites you but does no damage.
The water moccasin bites you.
You die...

+.........+....<......
#.........####....####
##.......## ##.#.#
##.....## ###.#
##...## #.# ##'## #.#
#.# .. #.# #@# #S..#
......# #.......#
####.##... ### ####


You could see a water moccasin.

Vanquished Creatures
  Grinder (D:4)
  2 phantoms (D:5)
  A kobold brigand (D:3)
  A necrophage (D:5)
  A jelly (D:4)
  3 gnolls (D:2)
  5 adders
  2 worms (D:3)
  3 dart slugs
  4 orcs (D:4)
  7 bats
  12 endoplasms
  9 giant cockroaches
  6 goblins
  6 hobgoblins
  4 quokkas
  12 ball pythons
  4 frilled lizards
  8 kobolds
  6 rats
97 creatures vanquished.

Vanquished Creatures (others)
  7 plants (D:3)
7 creatures vanquished.

Grand Total: 104 creatures vanquished

Notes
Turn   | Place    | Note
-------+----------+-------------------------------------------
     0 | D:1      | qw the Gargoyle Fighter began the quest for the Orb.
     0 | D:1      | Reached XP level 1. HP: 14/14 MP: 1/1
     0 | D:1      | 0 ||| qw: Version: 0.2-a-12-gaebbb33
     0 | D:1      | 0 ||| qw: Game counter: 1415
     0 | D:1      | 0 ||| qw: Always use a shield: true
     0 | D:1      | 0 ||| qw: God list: Okawaru
     0 | D:1      | 0 ||| qw: Allow faded altars: false
     0 | D:1      | 0 ||| qw: Do Orc after D:15 true
     0 | D:1      | 0 ||| qw: Do second Lair branch before Depths: true
     0 | D:1      | 0 ||| qw: Lair rune preference: random
     0 | D:1      | 0 ||| qw: Plans: Normal, Zot:1-4, God:TSO, Crypt, Tomb,
                  | Pan, Slime:5, Hells, Abyss, Orb
     0 | D:1      | 0 ||| PLANNING D:1-11
    64 | D:1      | Reached skill level 2 in Axes
    86 | D:1      | 86 ||| Stepping ~*~*~tactically~*~*~ (stealth).
   224 | D:1      | 224 ||| Stepping ~*~*~tactically~*~*~ (stealth).
   241 | D:1      | Reached XP level 2. HP: 19/19 MP: 2/2
   249 | D:1      | 249 ||| DROPPING +0 club.
   275 | D:1      | 275 ||| Stepping ~*~*~tactically~*~*~ (stealth).
   414 | D:1      | 414 ||| Stepping ~*~*~tactically~*~*~ (stealth).
   509 | D:1      | 509 ||| Stepping ~*~*~tactically~*~*~ (stealth).
   512 | D:1      | 512 ||| Stepping ~*~*~tactically~*~*~ (stealth).
   599 | D:1      | 599 ||| DROPPING +0 mace.
   622 | D:1      | Reached skill level 3 in Axes
   622 | D:1      | Found a faded altar of an unknown god.
   670 | D:1      | Reached XP level 3. HP: 21/23 MP: 3/3
  1154 | D:1      | 1154 ||| DROPPING orb of wrath.
  1155 | D:1      | 1155 ||| DROPPING amulet of faith.
  1156 | D:1      | 1156 ||| READING scroll labelled ZYTUKH COECOPE.
  1157 | D:1      | 1157 ||| DRINKING 2 sedimented puce potions.
  1330 | D:2      | 1330 ||| Stepping ~*~*~tactically~*~*~ (stealth).
  1338 | D:2      | 1338 ||| FLEEEEING.
  1339 | D:2      | 1339 ||| FLEEEEING.
  1340 | D:2      | 1340 ||| FLEEEEING.
  1345 | D:2      | 1345 ||| FLEEEEING.
  1346 | D:2      | 1346 ||| FLEEEEING.
  1347 | D:2      | 1347 ||| FLEEEEING.
  1348 | D:2      | 1348 ||| FLEEEEING.
  1351 | D:2      | 1351 ||| STAIRDANCE
  1398 | D:1      | 1398 ||| UPGRADING to +0 plate armour.
  1408 | D:1      | 1408 ||| DROPPING +0 scale mail.
  1409 | D:1      | 1409 ||| READING 2 scrolls labelled RERREA PIUPPY.
  1410 | D:1      | 1410 ||| READING scroll labelled HEPOFI JONO.
  1562 | D:2      | HP: 5/23 [gnoll/+0 spear (8)]
  1567 | D:2      | Reached XP level 4. HP: 6/28 MP: 4/4
  1572 | D:2      | HP: 6/28 [gnoll/+0 spear (1)]
  1572 | D:2      | HP: 2/28 [gnoll/+0 spear (4)]
  1574 | D:2      | Reached skill level 4 in Axes
  1878 | D:2      | 1878 ||| DROPPING +0 mace of holy wrath.
  2217 | D:2      | 2217 ||| READING scroll labelled AKEBUNK FYBUCE.
  2311 | D:3      | Reached XP level 5. HP: 31/32 MP: 5/5
  2524 | D:3      | Found a burning altar of Makhleb.
  2526 | D:3      | Noticed a balrug
  2539 | D:3      | 2539 ||| Stepping ~*~*~tactically~*~*~ (stealth).
  2701 | D:3      | Found a runed translucent door.
  2702 | D:3      | Noticed Crazy Yiuf
  2846 | D:3      | Noticed a kobold brigand
  2858 | D:3      | Killed a kobold brigand
  2859 | D:3      | Reached skill level 5 in Axes
  3042 | D:3      | 3042 ||| Stepping ~*~*~tactically~*~*~ (stealth).
  3044 | D:3      | 3044 ||| Stepping ~*~*~tactically~*~*~ (stealth).
  3063 | D:3      | 3063 ||| FLEEEEING.
  3277 | D:3      | 3277 ||| UPGRADING to +0 pair of boots.
  3282 | D:3      | 3282 ||| READING scroll labelled VAPOQOBRADO.
  3336 | D:3      | 3336 ||| READING scroll labelled SASOWE CAIRPHU.
  3337 | D:3      | 3337 ||| READING scroll labelled FIEWET YCSER.
  3402 | D:4      | Reached XP level 6. HP: 37/37 MP: 6/6
  3426 | D:4      | Found a radiant altar of Vehumet.
  3525 | D:4      | 3525 ||| Stepping ~*~*~tactically~*~*~ (stealth).
  3526 | D:4      | 3526 ||| Stepping ~*~*~tactically~*~*~ (stealth).
  3527 | D:4      | 3527 ||| Stepping ~*~*~tactically~*~*~ (stealth).
  3601 | D:4      | Found a glowing golden altar of the Shining One.
  3669 | D:4      | Noticed Grinder
  3678 | D:4      | Killed Grinder
  3751 | D:4      | 3751 ||| Stepping ~*~*~tactically~*~*~ (hiding).
  3754 | D:4      | 3754 ||| Stepping ~*~*~tactically~*~*~ (hiding).
  3778 | D:4      | Reached XP level 7. HP: 44/44 MP: 7/7
  3778 | D:4      | Found a stormy altar of Qazlal.
  4025 | D:4      | Found a blossoming altar of Fedhas.
  4028 | D:4      | Found a shimmering altar of Xom.
  4028 | D:4      | Found an ancient bone altar of Kikubaaqudgha.
  4036 | D:4      | Found an ornate altar of the Wu Jian Council.
  4052 | D:4      | 4052 ||| UPGRADING to +0 pair of gloves.
  4081 | D:5      | Entered Level 5 of the Dungeon
  4100 | D:5      | Reached skill level 1 in Throwing
  4133 | D:5      | Reached skill level 6 in Axes
  4360 | D:5      | HP: 10/44 [water moccasin (2)]
  4361 | D:5      | 4361 ||| READING scroll of teleportation.
  4361 | D:5      | HP: 3/44 [water moccasin (7)]
  4362 | D:5      | Slain by a water moccasin

Levels and vault maps discovered:
D:1:      dpeg_arrival_rhombi, layout_loops_ring,
          nicolae_ecumenical_snake_handling, due_unseen_surprise
D:2:      layout_basic, nicolae_elevator_lobby_asterisk
D:3:      layout_loops_ring, makhleb_altar_promises_db, nrook_uturn,
          st_stairs_3, lexackson_kobold_supper, uniq_crazy_yiuf_cottage
D:4:      layout_rooms, nicolae_qazlal_general_emergency, lemuel_tele_altar,
          nicolae_overflow_hallway_of_the_gods, uniq_grinder
D:5:      layout_loops_corners

Skill      XL: |  1  2  3  4  5  6  7 |
---------------+----------------------+-----
Axes           | 2 3 4 5 6 |  6.0
Fighting       | 5 |  5.5
Throwing       | 2 |  2.4
Armour         | |  3.2
Shields        | |  3.2

Action                   |  1- 3 |  4- 6 |  7- 9 || total
-------------------------+-------+-------+-------++-------
Melee: War axe           |   106 |   155 |    57 ||   318
Throw: Javelin           |       |       |     5 ||     5
  Use: Scroll            |     3 |     4 |     1 ||     8
       Potion            |     1 |       |       ||     1
Armor: Scale mail        |    51 |       |       ||    51
       Plate armour      |     9 |   101 |    37 ||   147
Dodge: Dodged            |    49 |    31 |    12 ||    92
Block: Buckler           |    18 |    34 |     8 ||    60

Table legend:
 A = Non-vault XP
 B = Vault XP
 C = Vault XP percentage of total XP
 D = Non-vault monster count
 E = Vault monster count
 F = Vault count percentage of total count
                 A         B        C        D         E       F
            +---------+---------+-------+---------+---------+-------
      Total |     698 |     271 |  28.0 |      83 |      14 |  14.4
            +---------+---------+-------+---------+---------+-------
        D:1 |      37 |       3 |   7.5 |      22 |       3 |  12.0
        D:2 |     116 |       0 |   0.0 |      26 |       0 |   0.0
        D:3 |     147 |      14 |   8.7 |      16 |      10 |  38.5
        D:4 |      95 |     254 |  72.8 |      16 |       1 |   5.9
        D:5 |     303 |       0 |   0.0 |       3 |       0 |   0.0
            +---------+---------+-------+---------+---------+-------
